 Dungeon Crawl Stone Soup version 0.12.2-12-gd1dd697 (webtiles) character file.

2805 Haza the Gusty (level 9, 0/48 HPs)
             Began as a Tengu Air Elementalist on July 23, 2013.
             Was a Follower of Vehumet.
             Slain by a killer bee (7 damage)
             ... on Level 7 of the Dungeon on July 24, 2013.
             The game lasted 00:42:41 (10725 turns).

Haza the Gusty (Tengu Air Elementalist)            Turns: 10725, Time: 00:42:42

HP   0/48        AC  4     Str 12      XL: 9   Next: 48%
MP  27/29        EV 19     Int 16      God: Vehumet [*.....]
Gold 372         SH  0     Dex 14      Spells:  4 memorised,  8 levels left

Res.Fire  : . . .   See Invis. : .   A - +1 dwarf battleaxe
Res.Cold  : . . .   Warding    : .   a - +1 robe
Life Prot.: . . .   Conserve   : .   (no shield)
Res.Poison: .       Res.Corr.  : .   (helmet restricted)
Res.Elec. : .       Clarity    : .   g - +0 cloak
Sust.Abil.: . .     Spirit.Shd : .   (no gloves)
Res.Mut.  : .       Stasis     : .   (boots unavailable)
Res.Rott. : .       Ctrl.Telep.: .   (no amulet)
Saprovore : . . .   Flight     : .   i - ring of magical power
                                     m - +5 ring of evasion

@: mildly poisoned, slightly resistant to hostile enchantments, stealthy
A: able to fly, beak, talons 3
a: Fly, Renounce Religion


You were on level 7 of the Dungeon.
You worshipped Vehumet.
Vehumet was most pleased with you.
You were hungry.

You visited 2 branches of the dungeon, and saw 8 of its levels.

You collected 352 gold pieces.

Inventory:

Hand weapons
 A - a +1,+1 dwarven battleaxe (weapon)
Armour
 a - a +1 robe (worn)
 g - a +0 cloak (worn)
Magical devices
 c - a wand of enslavement (2)
 u - a wand of teleportation (7) {unknown}
Comestibles
 r - 3 meat rations
 x - a bread ration
Scrolls
 e - a scroll of fog
 f - a scroll of teleportation
 j - 3 scrolls of remove curse
 k - 3 scrolls of identify
 p - 2 scrolls of enchant armour
 q - 2 scrolls of enchant weapon I
Jewellery
 d - an uncursed ring of see invisible
 i - a ring of magical power (right hand)
 m - a +5 ring of evasion (left hand)
 s - an uncursed ring of protection from fire
 v - an uncursed ring of fire
Potions
 h - a potion of restore abilities
 l - 3 potions of agility
 o - a potion of might
Books
 b - a book of Air

   Spells                             Type                      Level
   *Shock                             Conjuration/Air              1
   *Swiftness                         Charms/Air                   2
   *Repel Missiles                    Charms/Air                   2
   Flight                             Charms/Air                   3
   Static Discharge                   Conjuration/Air              3
   Lightning Bolt                     Conjuration/Air              5


   Skills:
 + Level 3.7 Fighting
 + Level 2.3 Axes
   Level 0.7 Maces & Flails
 + Level 3.7 Armour
 + Level 5.2 Dodging
 + Level 4.8 Stealth
 + Level 3.7 Traps
 + Level 2.1 Unarmed Combat
 + Level 3.7 Spellcasting
 + Level 5.3 Conjurations
 - Level 1.1 Charms
 + Level 7.1 Air Magic
 + Level 2.3 Evocations


You had 8 spell levels left.
You knew the following spells:

 Your Spells              Type           Power        Failure   Level  Hunger
a - Shock                 Conj/Air       ####.        1%          1    None
b - Swiftness             Chrm/Air       ####......   6%          2    ##.....
c - Repel Missiles        Chrm/Air       ####......   6%          2    ##.....
d - Throw Flame           Conj/Fire      ###....      10%         2    ##.....


Dungeon Overview and Level Annotations

Branches:
Dungeon (7/27)             Temple (1/1) D:5
    Orc: D:6-11

Altars:
Ashenzari
Cheibriados
Elyvilon
Fedhas
Kikubaaqudgha
Nemelex Xobeh
Okawaru
Sif Muna
Trog
Vehumet
Xom
Yredelemnul
Zin
the Shining One

Shops:
D:4: (


Innate Abilities, Weirdness & Mutations

You can fly.
You have a beak for a mouth.
You have claws for feet.


Message History

You miss the killer bee. Your kick misses the killer bee.
Your peck misses the killer bee.
The killer bee is heavily wounded.
The killer bee stings you! The killer bee barely misses you.
The killer bee misses you.
Casting: Shock
Confirm with . or Enter, or press ? or * to list all spells.
Aiming: Shock
Press: ? - help, Shift-Dir - straight line, f - killer bee
Aim: a killer bee (heavily wounded)
The zap hits the killer bee.
The killer bee is almost dead.
The killer bee closely misses you.
You closely miss the killer bee. Your kick misses the killer bee.
You peck the killer bee, but do no damage.
The killer bee is severely wounded.
The killer bee completely misses you. The killer bee stings you!
* * * LOW HITPOINT WARNING * * *
The killer bee stings you!
You die...

...........# #....###.##
........#...........#.>
........#.............##
........#.............#
.............##......#
.............##......##
......................#
.................k....#
................@..#..##
.......................#
.......................#
.......................#
.........>..>..........#
..........%...........##
.......................#
..........<...........##
...............##....##


You could see a killer bee.

Vanquished Creatures
  A necrophage (D:5)
  A hippogriff zombie (D:7)
  An ice beast (D:7)
  3 ogres
  2 phantoms
  2 centaurs
  A crocodile (D:7)
  A giant frog skeleton (D:5)
  Blork the orc (D:7)
  2 giant frogs
  A centaur skeleton (D:5)
  5 killer bees (D:7)
  7 crimson imps
  2 goliath beetles (D:6)
  6 wights
  A quasit (D:5)
  A crocodile skeleton (D:6)
  5 worker ants
  2 hounds
  2 iguanas
  A worker ant zombie (D:5)
  2 scorpions
  4 orc wizards
  A jelly (D:5)
  10 adders
  5 gnolls
  An adder skeleton (D:4)
  4 giant mites
  6 worms
  2 giant geckos (D:4)
  16 orcs
  21 hobgoblins
  9 jackals
  10 kobolds
  4 quokkas
  2 ball pythons (D:6)
  14 bats
  5 giant cockroaches
  6 giant newts
  18 goblins
  A hobgoblin skeleton (D:4)
  An orc zombie (D:5)
  15 rats
  A rat skeleton (D:4)
  6 ballistomycetes (D:7)
212 creatures vanquished.

Vanquished Creatures (others)
  A kobold (D:5)
  A giant spore (D:7)
  A ballistomycete (D:7)
3 creatures vanquished.

Grand Total: 215 creatures vanquished

Notes
Turn   | Place    | Note
--------------------------------------------------------------
     0 | D:1      | Haza, the Tengu Air Elementalist, began the quest for the Orb.
     0 | D:1      | Reached XP level 1. HP: 10/10 MP: 3/3
   265 | D:1      | Reached XP level 2. HP: 10/15 MP: 1/5
  1064 | D:1      | Reached XP level 3. HP: 19/19 MP: 3/6
  1551 | D:2      | Reached skill level 5 in Air Magic
  1648 | D:2      | Reached XP level 4. HP: 24/24 MP: 5/8
  2631 | D:3      | Reached XP level 5. HP: 21/28 MP: 0/11
  2940 | D:3      | Found an iron altar of Okawaru.
  2989 | D:3      | Reached skill level 1 in Fighting
  2989 | D:3      | Reached skill level 1 in Traps
  2996 | D:3      | Reached skill level 1 in Armour
  3000 | D:3      | Learned a level 2 spell: Swiftness
  3480 | D:4      | Reached XP level 6. HP: 27/32 MP: 8/13
  3904 | D:4      | Noticed a moth of wrath
  3930 | D:4      | Found a bloodstained altar of Trog.
  4285 | D:4      | Found Ywaqocs' Antique Weapon Boutique.
  4900 | D:5      | Entered Level 5 of the Dungeon
  4969 | D:5      | Reached XP level 7. HP: 29/37 MP: 11/15
  5064 | D:5      | Found a staircase to the Ecumenical Temple.
  5072 | Temple   | Entered the Ecumenical Temple
  5157 | Temple   | Became a worshipper of Vehumet
  5490 | D:5      | Found a glowing golden altar of the Shining One.
  5881 | D:5      | Reached skill level 6 in Air Magic
  5881 | D:5      | Reached XP level 8. HP: 18/43 MP: 18/18
  7176 | D:6      | Acquired Vehumet's first power
  7176 | D:6      | Offered knowledge of Magic Dart by Vehumet.
  7532 | D:7      | Noticed Blork the orc
  7549 | D:7      | Noticed a trapdoor spider zombie
  7737 | D:6      | Reached skill level 1 in Charms
  7930 | D:7      | Reached XP level 9. HP: 39/48 MP: 19/19
  7942 | D:7      | Reached skill level 1 in Axes
  7946 | D:7      | Learned a level 2 spell: Repel Missiles
  8008 | D:7      | Reached skill level 1 in Unarmed Combat
  8108 | D:6      | Reached skill level 1 in Evocations
  8716 | D:6      | Reached XP level 8. HP: 14/44 MP: 24/27
  9042 | D:7      | Reached XP level 9. HP: 48/48 MP: 20/20
  9385 | D:7      | Reached skill level 5 in Dodging
  9385 | D:7      | Reached skill level 5 in Conjurations
  9386 | D:7      | Offered knowledge of Throw Flame by Vehumet.
  9858 | D:6      | Learned a level 2 spell: Throw Flame
  9879 | D:7      | Killed Blork the orc
 10332 | D:7      | Reached skill level 7 in Air Magic
 10725 | D:7      | Slain by a killer bee

Action                   |  1- 3 |  4- 6 |  7- 9 || total
-------------------------+-------+-------+-------++-------
Melee: Mace              |    39 |    21 |       ||    60
       Trident           |       |     5 |       ||     5
       War axe           |       |     4 |    13 ||    17
       Flail             |       |       |     5 ||     5
       Battleaxe         |       |       |    72 ||    72
 Cast: Shock             |    78 |   190 |   386 ||   654
       Throw Flame       |       |       |    40 ||    40
       Repel Missiles    |       |       |     3 ||     3
       Swiftness         |       |       |     1 ||     1
 Abil: Fly               |       |       |     7 ||     7
Evoke: Wand              |       |       |     2 ||     2
  Use: Scroll            |       |    17 |    11 ||    28
       Potion            |       |     3 |     4 ||     7
 Stab: Sleeping          |       |       |     1 ||     1
